 Dungeon Crawl Stone Soup version 0.27.0-1-g7a089689b8 (webtiles) character file.

Game seed: 5927201231608568635

340 Revguard the Ducker (level 6, -7/46 HPs)
             Began as a Djinni Gladiator on Aug 2, 2021.
             Was an Initiate of Okawaru.
             Mangled by Crazy Yiuf (14 damage)
             ... on level 4 of the Dungeon.
             The game lasted 00:14:50 (5383 turns).

Revguard the Ducker (Djinni Gladiator)              Turns: 5383, Time: 00:14:50

Health: -7/46      AC: 12    Str: 14    XL:     6   Next: 87%
Gold:   146        EV: 13    Int:  9    God:    Okawaru [......] SH:  0 Dex: 16

rFire    + + .     SeeInvis .   h - +1 long sword (protect)
rCold    x . .     Faith    .   (no shield)
rNeg     . . .     Spirit   .   b - +1 leather armour
rPois    ∞         Reflect  .   c - +0 helmet
rElec    .         Harm     .   (no cloak)
rCorr    .         Rampage  .   (no gloves)
Will     .....     Clarity  +   (boots unavailable)
Stlth    +.........             (no amulet)
HPRegen  0.15/turn              (no ring)
MPRegen  0.00/turn              (no ring)

@: under a protective aura, flying
A: sickness immunity, fire resistance 2, cold vulnerability 1, float, innate
caster, hp casting, extra vitality 1, clarity
a: Renounce Religion


You were on level 4 of the Dungeon.
You worshipped Okawaru.
Okawaru was noncommittal.
You visited 2 branches of the dungeon, and saw 5 of its levels.

You collected 146 gold pieces.

Inventory:

Hand Weapons
 a - a +0 long sword
 h - a +1 long sword of protection (weapon)
Missiles
 d - 3 throwing nets (quivered)
Armour
 b - a +1 leather armour (worn)
 c - a +0 helmet (worn)
Jewellery
 j - an amulet of the acrobat
Scrolls
 f - 2 scrolls of magic mapping {unknown}
 g - a scroll of fear {unknown}
Potions
 e - a potion of attraction


   Skills:
 + Level 3.4 Fighting
 + Level 3.7 Long Blades
 - Level 1.5 Throwing
 + Level 2.5 Armour
 + Level 4.5 Dodging
 + Level 1.8 Spellcasting


You had 5 spell levels left.
You knew the following spells:

 Your Spells              Type           Power      Damage    Failure   Level
a - Corona                Hex            4%         N/A       19%         1
b - Slow                  Hex            4%         N/A       28%         2
Your spell library was empty.

Dungeon Overview and Level Annotations

Branches:
Dungeon (4/15)             Temple (1/1) D:4

Altars:
Ashenzari
Dithmenos
Elyvilon
Gozag
Hepliaklqana
Kikubaaqudgha
Makhleb
Okawaru
Qazlal
Ru
Trog
Uskayaw
Vehumet
Wu Jian
Xom
Yredelemnul
Zin
The Shining One

Annotations:
D:3 Pikel
D:4 Crazy Yiuf


Innate Abilities, Weirdness & Mutations

You are immune to sickness and miasma.
You are immune to poison.
Your flesh is very heat resistant. (rF++)
You are vulnerable to cold. (rC-)
You float through the air rather than walking.
You learn spells naturally, not from books.
Your magical power is your life essence.
You have superior vitality. (+4 HP)
You possess an exceptional clarity of mind.


Message History

You see here a +0 long sword.
Crazy Yiuf shouts!
Crazy Yiuf yells, "Key ragdoll Orb Guardian!"
You see here a +0 mace.
You reach down and open the door.
You hit Crazy Yiuf.
Your weapon exudes an aura of protection.
Crazy Yiuf is moderately wounded.
Crazy Yiuf hits you but does no damage.
You hit Crazy Yiuf but do no damage.
Crazy Yiuf is moderately wounded.
Crazy Yiuf says, "Fire snockshim sallow!"
Crazy Yiuf barely misses you.
You riposte.
You barely miss Crazy Yiuf.
Crazy Yiuf is moderately wounded.
You hit Crazy Yiuf.
Crazy Yiuf is moderately wounded.
Crazy Yiuf barely misses you.
You closely miss Crazy Yiuf.
Crazy Yiuf is moderately wounded.
Crazy Yiuf hits you with a +4 quarterstaff of chaos. x2
Crazy Yiuf freezes you.
You hit Crazy Yiuf.
Crazy Yiuf is moderately wounded.
Crazy Yiuf hits you with a +4 quarterstaff of chaos.
You hit Crazy Yiuf.
Crazy Yiuf is heavily wounded.
Crazy Yiuf grits, "Iron sing foot!"
Crazy Yiuf hits you with a +4 quarterstaff of chaos.
You hit Crazy Yiuf.
Crazy Yiuf is almost dead.
Crazy Yiuf misses you.
You riposte.
You barely miss Crazy Yiuf.
Crazy Yiuf is almost dead.
You barely miss Crazy Yiuf.
Crazy Yiuf is almost dead.
Crazy Yiuf hits you but does no damage.
You are electrocuted!!
* * * LOW HITPOINT WARNING * * *
You barely miss Crazy Yiuf.
Crazy Yiuf is almost dead.
Crazy Yiuf hits you with a +4 quarterstaff of chaos!
You die...

.# #####...#
#.#
.###.......#
###
.....###...#
.####...##.#
#####
.##..###...#
#).)# .##.##
##.## #...#
..#.# #..#
).. ....##
##.## #g#
..#..###.##
#@##
.##.#...####
##.#
...........#
#.##
.#########.#
##.# ># #.#
##.## .# #.#
##.P.# .#
#.# #PPP.#
.# #.#
##..## .#
#.####....#


You could see Crazy Yiuf.

Vanquished Creatures
  A sky beast (D:4)
  3 lemures (D:4)
  A hound (D:4)
  2 jellies (D:4)
  Robin (D:4)
  3 adders
  4 gnolls (D:4)
  A worm (D:4)
  2 dart slugs
  An orc (D:3)
  6 endoplasms
  3 giant cockroaches
  15 goblins
  8 hobgoblins
  2 jackals (D:2)
  2 kobolds
  2 quokkas
  8 ball pythons
  6 frilled lizards
  6 rats
77 creatures vanquished.

Notes
Turn   | Place    | Note
-------+----------+-------------------------------------------
     0 | D:1      | Revguard the Djinni Gladiator began the quest for the Orb.
     0 | D:1      | Reached XP level 1. HP: 18/18 MP: 0/0
   191 | D:1      | Reached XP level 2. HP: 23/23 MP: 0/0
   825 | D:1      | Reached XP level 3. HP: 14/28 MP: 0/0
   825 | D:1      | Learned a level 1 spell: Corona
  1379 | D:2      | Reached skill level 1 in Armour
  1428 | D:2      | Reached XP level 4. HP: 23/34 MP: 0/0
  1708 | D:2      | Reached skill level 1 in Spellcasting
  1897 | D:2      | Gained mutation: You possess an exceptional clarity of
                  | mind. [potion of mutation]
  2254 | D:3      | Found a broken altar of Ashenzari.
  2254 | D:3      | Found a faded altar of an unknown god.
  2262 | D:3      | Found a faded altar of an unknown god.
  2264 | D:3      | Found a glowing golden altar of the Shining One.
  2266 | D:3      | Found a glowing silver altar of Zin.
  2741 | D:4      | Found a staircase to the Ecumenical Temple.
  2745 | D:4      | Reached skill level 4 in Dodging
  2745 | D:4      | Reached XP level 5. HP: 32/39 MP: 0/0
  2745 | D:4      | Learned a level 2 spell: Slow
  2758 | Temple   | Entered the Ecumenical Temple
  2912 | Temple   | Became a worshipper of Warmaster Okawaru
  3022 | D:4      | Noticed a lemure
  3023 | D:4      | Noticed a lemure
  3023 | D:4      | Noticed Pikel
  3042 | D:4      | Killed a lemure
  3061 | D:4      | Killed a lemure
  3127 | D:4      | Noticed a lemure
  3179 | D:4      | Noticed a lemure
  3587 | D:4      | Killed a lemure
  4010 | D:4      | Found a runed translucent door.
  4011 | D:4      | Noticed Crazy Yiuf
  4121 | D:4      | Noticed Robin
  4166 | D:4      | Killed Robin
  4167 | D:4      | Reached XP level 6. HP: 27/46 MP: 0/0
  4320 | D:4      | Found a bloodstained altar of Trog.
  4719 | D:4      | Noticed a sky beast
  4743 | D:4      | Killed a sky beast
  5383 | D:4      | Mangled by Crazy Yiuf

Illustrated notes

Levels and vault maps discovered:
D:1:      co_arrival_square_in_a_square_in_a_square, layout_basic,
          hangedman_decor_push, chequers_serial_rivers_small_b,
          minmay_fountain_box
D:2:      layout_rooms
D:3:      layout_loops_ring, chequers_temple_overflow_minitemple
D:4:      layout_loops_ring, lightli_temple_of_fire, minmay_temple_entry_waves,
          uniq_pikel, uniq_robin, uniq_crazy_yiuf_cottage
Temple:   jpeg_temple_clearing

Skill      XL: |  1  2  3  4  5 |
---------------+----------------+-----
Armour         | 1 2 |  2.5
Long Blades    | 3 |  3.7
Spellcasting   | 1 |  1.8
Dodging        | 4 |  4.5
Fighting       | 3 |  3.4
Throwing       | |  1.5

Action                   |  1- 3 |  4- 6 || total
-------------------------+-------+-------++-------
Melee: Long sword        |    64 |   219 ||   283
 Cast: Slow              |       |     1 ||     1
  Use: Potion            |       |    10 ||    10
       Scroll            |       |     6 ||     6
 Stab: Sleeping          |     2 |     1 ||     3
       Invisible         |       |     7 ||     7
Armor: Leather armour    |    17 |    88 ||   105
Dodge: Dodged            |    59 |   167 ||   226
       Rpst.: Long sword |    18 |    50 ||    68
